 Dungeon Crawl Stone Soup version 0.29.1-4-g47bece8355 (webtiles) character file.

Game seed: 6224870166640452545

8464 Grokii the Blocker (level 11, 0/97 HPs)
             Began as a Minotaur Fighter on Dec 3, 2022.
             Was an Elder of Okawaru.
             Slain by an orc warrior
             ... wielding a +0 trident of flaming
             ... led by Saint Roka
              (9 damage)
             ... on level 1 of the Orcish Mines.
             The game lasted 00:49:17 (10470 turns).

Grokii the Blocker (Minotaur Fighter)              Turns: 10470, Time: 00:49:17

Health: 0/97       AC: 15    Str: 25    XL:     11   Next: 10%
Magic:  0/10       EV: 11    Int:  5    God:    Okawaru [****..]
Gold:   931        SH:  6    Dex: 10    Spells: 10/10 levels left

rFire   . . .      SeeInvis .   t - +6 flail (vorpal)
rCold   . . .      Faith    .   c - +0 buckler
rNeg    . . .      Spirit   +   i - +0 plate armour
rPois   .          Reflect  .   (helmet restricted)
rElec   .          Harm     .   h - +0 cloak
rCorr   .          Rampage  .   (no gloves)
Will    .....                   (no boots)
Stlth   ..........              p - amulet of guardian spirit
HPRegen 0.26/turn               L - +4 ring of evasion
MPRegen 0.12/turn               (no ring)

@: no status effects
A: horns 2, retaliatory headbutt
a: Renounce Religion, Heroism, Finesse


You were on level 1 of the Orcish Mines.
You worshipped Okawaru.
Okawaru was greatly pleased with you.
You visited 3 branches of the dungeon, and saw 13 of its levels.
You also visited: Sewer.

You collected 931 gold pieces.

Inventory:

Hand Weapons
 k - a +0 mace of draining
 t - a +6 vorpal flail (weapon)
Missiles
 g - 22 poisoned darts
 A - 8 boomerangs
 C - a curare-tipped dart
 D - 5 atropa-tipped darts (quivered)
Armour
 b - a +0 scale mail
 c - a +0 buckler (worn)
 h - a +0 cloak (worn)
 i - a +0 plate armour (worn)
 q - a +1 pair of boots
Jewellery
 m - a ring of fire
 p - an amulet of guardian spirit (around neck)
 L - a +4 ring of evasion (left hand)
 N - a +6 ring of strength
Wands
 e - a wand of flame (4)
 y - a wand of mindburst (14)
 E - a wand of acid (9)
 K - a wand of iceblast (9)
Scrolls
 a - 2 scrolls of immolation
 f - 6 scrolls of teleportation
 n - a scroll of poison
 o - 2 scrolls of magic mapping
 s - 2 scrolls of enchant armour {unknown}
 v - a scroll of summoning {unknown}
 x - a scroll of acquirement {unknown}
 z - 3 scrolls of fear
 B - a scroll of blinking
 F - a scroll of enchant weapon
 J - a scroll of brand weapon {unknown}
 M - a scroll of silence {unknown}
Potions
 d - 2 potions of degeneration
 j - a potion of brilliance
 l - a potion of haste
 r - a potion of cancellation {unknown}
 u - a potion of invisibility
 w - a potion of mutation {unknown}
 G - 3 potions of heal wounds {unknown}
 H - a potion of might
 I - a potion of lignification {unknown}


   Skills:
 + Level 9.5 Fighting
 + Level 9.0 Maces & Flails
 + Level 7.1 Throwing
 + Level 9.5 Armour
 + Level 9.6 Shields
 + Level 5.2 Evocations


You had 10 spell levels left.
You didn't know any spells.
Your spell library contained the following spells:

 Spells                   Type           Power      Damage    Failure   Level
 Eringya's Noxious Bog    Tmut/Pois      0%         N/A       100%        6
 Summon Forest            Summ/Tloc      Unusable   N/A       N/A         5
 Summon Hydra             Summ           Unusable   N/A       N/A         7

Dungeon Overview and Level Annotations

Branches:
Dungeon (10/15)            Temple (1/1) D:6             Orc (2/2) D:9
  Sewer (visited)
   Lair: D:8-11         Elf: Orc:2

Altars:
Ashenzari
Cheibriados
Dithmenos
Fedhas
Gozag
Hepliaklqana
Kikubaaqudgha
Makhleb
Nemelex Xobeh
Okawaru
Qazlal
Ru
Sif Muna
Trog
Uskayaw
Vehumet
Wu Jian
Xom
Yredelemnul
Zin
The Shining One

Shops:
D:6 [   Orc:1 (

Annotations:
Orc:2 Saint Roka


Innate Abilities, Weirdness & Mutations

You have a pair of horns on your head.
You reflexively headbutt those who attack you in melee.


Message History

Items here: )) [ †.
There is a stone staircase leading up here.
The orc warrior hits you from afar with a +0 trident of flaming!
The orc warrior burns you.
Things that are here:
a +0 falchion; a +0 ring mail of cold resistance; an orc corpse The orc wizard no longer looks unusually strong.
The orc warrior no longer looks unusually strong.
The orc no longer looks unusually strong.
The orc warrior hits you with a +0 trident of flaming!!
The orc warrior burns you. The orc hits you but does no damage.
There is a stone staircase leading up, spattered with blood here.
The orc warrior hits you with a +0 trident of flaming.
* * * LOW HITPOINT WARNING * * *
The orc warrior burns you.
* * * LOW HITPOINT WARNING * * *
The orc barely misses you. You furiously retaliate!
You headbutt the orc!
You kill the orc!
Okawaru accepts your kill. The orc warrior completely misses you.
The orc wizard mumbles some strange words.
The orc wizard flickers and vanishes!
Deactivating autopickup; reactivate with Ctrl-A.
Saint Roka roars a battlecry!
The orcs go into a battle-frenzy!
You climb upwards.
Reactivating autopickup.
There is a stone staircase leading down here.
You are too injured to fight recklessly!
You are too injured to fight recklessly!
You are too injured to fight recklessly!
You are too injured to fight recklessly!
You are too injured to fight recklessly!
You are too injured to fight recklessly!
You hit the orc warrior.
The orc warrior is lightly wounded.
The orc warrior hits you with a +0 trident of flaming!!
* * * LOW HITPOINT WARNING * * *
The orc warrior burns you!
You die...

..# ####........#
#.# #........###
..######......#
.....#.#......###
................#
#.........#.....##
##...<...##......#
###......###...o##
#........####..o@#
#.........##...#.#
#...#.##..#....###
....####.......#
...### ##.....##
.....# #....###
.....# ##.###
.....## ###
##....#


You could see 2 orc warriors.

Vanquished Creatures
  2 two-headed ogres (D:9)
  A manticore (D:6)
  Joseph (D:10)
  Maurice (D:9)
  A gargoyle (D:6)
  3 trolls
  Prince Ribbit (D:9)
  A shadow (D:9)
  2 steam dragons
  Edmund (D:4)
  Menkaure (D:7)
  An acid dragon (D:9)
  Duvessa (D:4)
  3 two-headed ogre zombies (D:9)
  4 water moccasins
  3 orc warriors
  2 sky beasts
  2 ice beasts (D:5)
  An ogre (D:6)
  A centaur (D:8)
  A phantom (D:9)
  3 bullfrogs
  2 kobold brigands
  Blork the orc (D:4)
  A necrophage (D:4)
  2 scorpions
  13 wights
  Dowan (D:4)
  5 killer bees (D:9)
  A troll zombie (D:9)
  3 hounds
  A jelly (D:4)
  5 orc priests
  Crazy Yiuf (D:4)
  4 iguanas
  9 orc wizards
  4 ogre zombies (D:9)
  7 adders
  8 gnolls
  2 river rats (Sewer)
  A shadow imp (D:7)
  A white imp (D:5)
  3 ufetubi
  A worm (D:3)
  3 dart slugs
  32 orcs
  6 endoplasms
  7 giant cockroaches
  6 goblins
  6 hobgoblins
  4 jackals (Sewer)
  5 quokkas
  9 ball pythons
  4 bats
  7 frilled lizards
  A goblin zombie (D:9)
  2 hobgoblin skeletons (D:9)
  2 hobgoblin zombies (D:9)
  14 kobolds
  2 orc skeletons (D:9)
  18 orc zombies (D:9)
  15 rats
256 creatures vanquished.

Vanquished Creatures (others)
  10 fungi (D:3)
  6 plants (Sewer)
  3 toadstools (D:3)
19 creatures vanquished.

Grand Total: 275 creatures vanquished

Notes
Turn   | Place    | Note
-------+----------+-------------------------------------------
     0 | D:1      | Grokii the Minotaur Fighter began the quest for the Orb.
     0 | D:1      | Reached XP level 1. HP: 19/19 MP: 0/0
   128 | D:1      | Reached XP level 2. HP: 27/27 MP: 1/1
   622 | D:2      | Reached XP level 3. HP: 33/33 MP: 2/2
   990 | D:2      | You fall into a shaft and drop 2 floors!
  1045 | D:4      | Noticed Dowan
  1046 | D:4      | Noticed Duvessa
  1062 | D:4      | Killed Duvessa
  1063 | D:4      | Reached skill level 1 in Throwing
  1063 | D:4      | Reached XP level 4. HP: 21/41 MP: 3/3
  1063 | D:4      | Reached XP level 5. HP: 24/47 MP: 4/4
  1065 | D:4      | Killed Dowan
  1525 | D:4      | Found a runed translucent door.
  1526 | D:4      | Noticed Crazy Yiuf
  1535 | D:4      | Killed Crazy Yiuf
  1535 | D:4      | HP: 1/44 [poisoned by Crazy Yiuf]
  1536 | D:4      | Reached XP level 6. HP: 1/54 MP: 5/5
  1843 | D:4      | Reached skill level 5 in Fighting
  1843 | D:4      | Reached skill level 5 in Armour
  1843 | D:4      | Reached skill level 5 in Shields
  2037 | D:3      | Found a glowing drain.
  2041 | Sewer    | Entered a sewer
  3338 | D:4      | Reached XP level 7. HP: 16/61 MP: 6/6
  3727 | D:4      | Noticed Blork the orc
  3733 | D:4      | Killed Blork the orc
  4057 | D:4      | Noticed Edmund
  4072 | D:4      | Killed Edmund
  4073 | D:4      | Reached skill level 5 in Maces & Flails
  4231 | D:5      | Entered Level 5 of the Dungeon
  4536 | D:5      | Reached XP level 8. HP: 53/70 MP: 7/7
  5120 | D:5      | Reached skill level 1 in Evocations
  5520 | D:6      | Noticed a troll
  5529 | D:6      | Killed a troll
  5530 | D:6      | Reached XP level 9. HP: 30/79 MP: 8/8
  5798 | D:6      | Found a staircase to the Ecumenical Temple.
  5818 | Temple   | Entered the Ecumenical Temple
  5909 | Temple   | Became a worshipper of Warmaster Okawaru
  6059 | D:6      | Noticed a manticore
  6072 | D:6      | Reached skill level 5 in Throwing
  6073 | D:6      | Killed a manticore
  6325 | D:6      | Found a shadowy altar of Dithmenos.
  6327 | D:6      | Found a glowing silver altar of Zin.
  6405 | D:6      | Found Tomocwou's Antique Armour Shop.
  6683 | D:7      | Noticed Menkaure
  6685 | D:7      | Noticed a gargoyle
  7182 | D:6      | Killed a gargoyle
  7182 | D:6      | Reached * piety under Okawaru
  7197 | D:7      | Killed Menkaure
  7354 | D:7      | Found a basalt altar of Yredelemnul.
  8044 | D:8      | Reached XP level 10. HP: 88/88 MP: 9/9
  8098 | D:8      | Reached ** piety under Okawaru
  8649 | D:8      | Found an ancient bone altar of Kikubaaqudgha.
  8653 | D:8      | Found a sparkling altar of Nemelex Xobeh.
  8869 | D:9      | Found a staircase to the Orcish Mines.
  8943 | D:9      | Noticed Maurice
  8963 | D:9      | Killed Maurice
  8963 | D:9      | Reached *** piety under Okawaru
  9594 | D:9      | Noticed a two-headed ogre
  9604 | D:9      | Killed a two-headed ogre
  9829 | D:9      | Noticed Prince Ribbit
  9878 | D:9      | Killed Prince Ribbit
 10000 | D:9      | Noticed a two-headed ogre
 10051 | D:9      | Killed a two-headed ogre
 10051 | D:9      | Reached **** piety under Okawaru
 10052 | D:9      | Reached skill level 5 in Evocations
 10052 | D:9      | Reached XP level 11. HP: 80/97 MP: 8/10
 10089 | D:10     | Entered Level 10 of the Dungeon
 10089 | D:10     | Noticed Joseph
 10103 | D:10     | Killed Joseph
 10241 | Orc:1    | Entered Level 1 of the Orcish Mines
 10330 | Orc:1    | Found Wosom Nugh's Weapon Emporium.
 10404 | Orc:2    | Entered Level 2 of the Orcish Mines
 10455 | Orc:2    | Noticed Saint Roka
 10470 | Orc:1    | Slain by an orc warrior

Illustrated notes

Levels and vault maps discovered:
D:1:      lightli_molten_gateway, layout_loops_cross
D:2:      layout_rooms, kennysheep_another_room
D:3:      layout_basic, gup_sewer_entry_bowl, minmay_gold_behind_fungi,
          minmay_liquid_box, hangedman_abyss_or_decor_stabs
D:4:      layout_basic, uniq_crazy_yiuf_cottage, uniq_duvessa,
          uniq_blork_the_orc, uniq_edmund
D:5:      layout_loops_ring
D:6:      layout_cave_pools, gammafunk_temple_overflow_pools,
          minmay_temple_entry_statues, serial_shops, nicolae_shop_statue_plus,
          kennysheep_path_1, minmay_chambers_of_fives
D:7:      layout_rooms, mainiacjoe_overflow_surrounded_room, grunt_ministairs_5,
          uniq_menkaure
D:8:      layout_gridville, grunt_temple_overflow_open, moated_statue
D:9:      layout_rooms, zombieorc2_lemuel, serial_curves, eino_curves_01,
          eino_curves_04, uniq_prince_ribbit1, uniq_maurice
D:10:     layout_small_grid, mainiacjoe_overflow_catwalk, minmay_lizard_king,
          uniq_josephine, uniq_sonja, uniq_joseph
Temple:   nicolae_temple_bog_church
Orc:1:    layout_diamond_mine, serial_shops, shop
Orc:2:    pubby_orc_utopia, uniq_saint_roka

Skill      XL: |  1  2  3  4  5  6  7  8  9 10 |
---------------+-------------------------------+-----
Fighting       | 4 5 6 7 8 9 |  9.5
Shields        | 4 5 6 7 8 9 |  9.6
Armour         | 4 5 6 7 8 9 |  9.5
Maces & Flails | 3 4 5 6 7 9 |  9.0
Throwing       | 1 2 3 4 5 7 |  7.1
Evocations     | 2 3 5 |  5.2

Action                   |  1- 3 |  4- 6 |  7- 9 | 10-12 || total
-------------------------+-------+-------+-------+-------++-------
Melee: Flail             |    67 |       |   184 |   219 ||   470
       Headbutt          |     6 |    14 |    32 |    26 ||    78
       Mace              |     8 |   165 |    34 |       ||   207
Throw: Dart              |     3 |     4 |    60 |    33 ||   100
       Boomerang         |       |       |    16 |       ||    16
Invok: Heroism           |       |       |       |     7 ||     7
  Use: Scroll            |     4 |       |       |    11 ||    15
       Potion            |     1 |     1 |     4 |     1 ||     7
 Stab: Invisible         |       |       |       |     1 ||     1
Armor: Scale mail        |    38 |       |       |       ||    38
       Plate armour      |    11 |   102 |   128 |    90 ||   331
Dodge: Dodged            |    31 |    46 |    69 |   108 ||   254
Block: Buckler           |    19 |    30 |    55 |    54 ||   158
